 Dungeon Crawl Stone Soup version 0.23.0 (webtiles) character file.

Game seed: 12839225689269514891

37 Think the Magician (level 3, 0/20 HPs)
             Began as a Deep Elf Transmuter on Feb 21, 2019.
             Slain by a hobgoblin
             ... wielding a +0 club
              (4 damage)
             ... on level 2 of the Dungeon.
             The game lasted 00:06:04 (2291 turns).

Think the Magician (Deep Elf Transmuter)            Turns: 2291, Time: 00:06:05

Health: 0/20       AC:  2    Str:  7    XL:     3   Next: 21%
Magic:  8/9        EV: 13    Int: 17    God:
Gold:   74         SH:  4    Dex: 16    Spells: 7/8 levels left

rFire    . . .     SeeInvis .     - Unarmed
rCold    . . .     Gourm    .   h - +0 buckler
rNeg     . . .     Faith    .   b - +0 robe
rPois    .         Spirit   .   (no helmet)
rElec    .         Reflect  .   (no cloak)
rCorr    .         Harm     .   (no gloves)
MR       .....                  (boots currently unavailable)
Stlth    +.........             (no amulet)
HPRegen  0.06/turn              (no ring)
MPRegen  0.11/turn              (no ring)

@: appendage
A: talons 3
a: End Transformation


You were on level 2 of the Dungeon.
You were very hungry.
You had grown temporary talons.
You visited 1 branch of the dungeon, and saw 2 of its levels.

You collected 74 gold pieces.

Inventory:

Hand Weapons
 i - a +1 spear of piercing
Missiles
 a - 12 arrows
Armour
 b - a +0 robe (worn)
 h - a +0 buckler (worn)
Scrolls
 c - a scroll of enchant weapon {unknown}
 e - a scroll of identify {unknown}
 f - 2 scrolls of magic mapping
 g - a scroll of teleportation {unknown}
 k - a scroll of random uselessness {unknown}
Potions
 j - a potion of haste {unknown}
Comestibles
 d - 4 rations


   Skills:
 + Level 1.1 Fighting
 + Level 2.8 Dodging
 * Level 0.4 Shields
 * Level 2.8 Unarmed Combat
 - Level 3.0 Spellcasting
 * Level 2.9 Transmutations


You had 7 spell levels left.
You knew the following spells:

 Your Spells              Type           Power        Failure   Level  Hunger
a - Beastly Appendage     Tmut           ##....       9%          1    None

Your spell library contained the following spells:

 Spells                   Type           Power        Failure   Level  Hunger
 Sticks to Snakes         Tmut           ##......     12%         2    ##.....
 Spider Form              Tmut/Pois      #.........   41%         3    ###....
 Ice Form                 Ice/Tmut       #.......     83%         4    ####...
 Blade Hands              Tmut           ##........   92%         5    ######.


Dungeon Overview and Level Annotations

Branches:
Dungeon (2/15)

Altars:
Makhleb


Innate Abilities, Weirdness & Mutations

You have claws for feet.


Message History

Welcome back, Think the Deep Elf Transmuter.
Press ? for a list of commands and other information.
The hobgoblin is too close now for your liking.
Casting: Beastly Appendage (safe; 9% risk of failure)
Confirm with . or Enter, or press ? or * to list all spells.
Your feet morph into talons.
The hobgoblin hits you but does no damage.
Unknown command.
You barely miss the hobgoblin. The hobgoblin closely misses you.
You closely miss the hobgoblin. The hobgoblin completely misses you.
You hit the hobgoblin.
The hobgoblin is moderately wounded.
The hobgoblin closely misses you.
You barely miss the hobgoblin.
The hobgoblin is moderately wounded.
The hobgoblin hits you but does no damage.
You barely miss the hobgoblin.
The hobgoblin is moderately wounded.
The hobgoblin hits you with a +0 club.
You die...

............# #...# .#
.......########..###.#
...........#.........#
.......###.#.#########
########...#.#......#
#.###g#.##.#.# #.#
#.#.##.#.# #.#
#.#....#.# #.#
#.###@##.# #.#
#...g....#
#.#######.####
#.........#
###########


You could see a hobgoblin.

Vanquished Creatures
  A worm (D:2)
  3 dart slugs
  3 goblins (D:1)
  5 hobgoblins (D:1)
  3 jackals (D:2)
  A quokka (D:2)
  4 bats (D:1)
  4 frilled lizards (D:1)
  A kobold (D:1)
  4 rats
29 creatures vanquished.

Notes
Turn   | Place    | Note
-------+----------+-------------------------------------------
     0 | D:1      | Think the Deep Elf Transmuter began the quest for the Orb.
     0 | D:1      | Reached XP level 1. HP: 11/11 MP: 6/6
   654 | D:1      | Reached skill level 1 in Fighting
   743 | D:1      | Reached XP level 2. HP: 4/16 MP: 8/8
  1804 | D:2      | Found a burning altar of Makhleb.
  1926 | D:2      | Reached XP level 3. HP: 12/20 MP: 7/9
  2291 | D:2      | Slain by a hobgoblin

Skill      XL: |  1 |
---------------+----+-----
Fighting       | 1 |  1.1
Dodging        | |  2.8
Shields        | |  0.4
Unarmed Combat | |  2.8
Spellcasting   | |  3.0
Transmutations | |  2.9

Action                   || total
-------------------------++-------
Melee: Unarmed           ||   116
       Headbutt          ||     7
       Kick              ||    13
 Cast: Beastly Appendage ||    15
  Use: Scroll            ||     1
 Stab: Sleeping          ||     3
  Eat: Chunk             ||     3
Armor: Robe              ||    13
Dodge: Dodged            ||    71
Block: Buckler           ||    12
